 Dungeon Crawl Stone Soup version 0.27-a0-1119-gbf574a6a6b (webtiles) character file.

Game seed: 7714621289397287044

60 karrick the Magician (level 4, 22/31 HPs)
             Began as a Djinni Fire Elementalist on May 2, 2021.
             Quit the game on level 2 of the Dungeon.
             The game lasted 00:02:28 (1758 turns).

karrick the Magician (Djinni Fire Elementalist)     Turns: 1758, Time: 00:02:28

Health: 22/31      AC:  2    Str:  8    XL:     4   Next: 6%
Gold:   21         EV: 12    Int: 17    God:
                   SH:  0    Dex: 13

rFire    + + .     SeeInvis .   e - +0 dagger
rCold    x . .     Faith    .   (no shield)
rNeg     . . .     Spirit   .   a - +0 robe
rPois    ∞         Reflect  .   (no helmet)
rElec    .         Harm     .   (no cloak)
rCorr    .         Rampage  .   (no gloves)
Will     .....                  (boots unavailable)
Stlth    ++........             (no amulet)
HPRegen  0.10/turn              (no ring)
MPRegen  0.00/turn              (no ring)

@: flying
A: fire resistance 2, cold vulnerability 1, float, innate caster, hp casting,
extra vitality 1
a: no special abilities


You were on level 2 of the Dungeon.
You visited 1 branch of the dungeon, and saw 2 of its levels.

You collected 21 gold pieces.

Inventory:

Hand Weapons
 e - a +0 dagger (weapon)
Armour
 a - a +0 robe (worn)
Wands
 j - a wand of mindburst (11)
Scrolls
 b - a scroll of teleportation {unknown}
 c - a scroll of identify {unknown}
 f - a scroll of blinking {unknown}
 g - a scroll of noise {unknown}
Potions
 d - a potion of attraction {unknown}
 h - a potion of curing {unknown}
 i - a potion of flight {unknown}


   Skills:
 + Level 2.5 Dodging
 + Level 1.8 Stealth
 + Level 3.9 Spellcasting


You couldn't memorise any spells.
You knew the following spells:

 Your Spells              Type           Power      Damage    Failure   Level
a - Foxfire               Conj/Fire      64%        2x1d7     3%          1
b - Conjure Flame         Conj/Fire      16%        6-21      10%         3
c - Inner Flame           Hex/Fire       16%        N/A       10%         3
d - Sticky Flame          Conj/Fire      16%        2d4       32%         4
e - Fireball              Conj/Fire      8%         3d6       65%         5
f - Beastly Appendage     Tmut           32%        N/A       3%          1
Your spell library was empty.

Dungeon Overview and Level Annotations

Branches:
Dungeon (2/15)

Altars:


Innate Abilities, Weirdness & Mutations

You are immune to poison.
Your flesh is very heat resistant. (rF++)
You are vulnerable to cold. (rC-)
You float through the air rather than walking.
You learn spells naturally, not from books.
Your magical power is your life essence.
You have superior vitality. (+4 HP)


Message History

Found a stone staircase leading up.
You reach down and open the door.
There is an open door here.
You reach down and open the door.
A rat comes into view.
Found a ring mail.
Found a stone staircase leading up.
A rat is nearby!
A rat is nearby!
A rat is nearby!
Casting: Foxfire (safe; 3% risk of failure)
Confirm with . or Enter, or press ? or * to list all spells.
You conjure some foxfire!
The foxfire hits the rat.
You kill the rat!
There is an open door here.
An adder comes into view.
The adder hisses angrily.
The foxfire hits the adder.
The adder is heavily wounded.
Found 17 stones.
An adder is nearby!
An adder is nearby!
Casting: Foxfire (safe; 3% risk of failure)
Confirm with . or Enter, or press ? or * to list all spells.
You conjure some foxfire!
The adder bites you.
The foxfire hits the adder.
The adder is heavily wounded.
The foxfire hits the adder.
The adder is severely wounded.
The adder misses you. The adder bites you.
Casting: Foxfire (safe; 3% risk of failure)
Confirm with . or Enter, or press ? or * to list all spells.
You conjure some foxfire!
The adder bites you but does no damage. The adder bites you.
The foxfire hits the adder.
You kill the adder!
You have reached level 4!
You feel clever.
Are you sure you want to abandon this character and quit the game? (Confirm with "yes".)

##.##
##.####.....##
###.#
##.###.##
##...## #.#
#..#.## ##'##
#.# #.#.## #.#
#.# #.###
######v####
#<# #.#
#...(.§...#
...
#.###†[§#.#
#.# #....§.#
#.# ##.<@§.#
#.# ##..§.#
..#......
##.....####
......#
########


There were no monsters in sight!

Vanquished Creatures
  2 adders (D:2)
  2 ball pythons (D:1)
  5 bats
  4 endoplasms
  4 giant cockroaches
  5 goblins (D:1)
  3 hobgoblins (D:1)
  2 kobolds
  3 quokkas (D:1)
  2 frilled lizards (D:1)
  5 rats
37 creatures vanquished.

Vanquished Creatures (others)
  107 foxfires
107 creatures vanquished.

Grand Total: 144 creatures vanquished

Notes
Turn   | Place    | Note
-------+----------+-------------------------------------------
     0 | D:1      | karrick the Djinni Fire Elementalist began the quest for
                  | the Orb.
     0 | D:1      | Reached XP level 1. HP: 15/15 MP: 0/0
   227 | D:1      | Reached skill level 3 in Spellcasting
   229 | D:1      | Reached XP level 2. HP: 18/21 MP: 0/0
   623 | D:1      | Reached XP level 3. HP: 24/25 MP: 0/0
   623 | D:1      | Learned a level 1 spell: Beastly Appendage
  1758 | D:2      | Reached XP level 4. HP: 22/31 MP: 0/0
  1758 | D:2      | Quit the game

Illustrated notes

Levels and vault maps discovered:
D:1:      nagdon_arrival_zigzag_paths, layout_basic
D:2:      layout_loops_corners, hellmonk_ecumenical_altar_inner_sanctum,
          minmay_pentomino_u2, uniq_crazy_yiuf_cottage

Skill      XL: |  1 |
---------------+----+-----
Spellcasting   | 3 |  3.9
Dodging        | |  2.5
Stealth        | |  1.8

Action                   |  1- 3 |  4- 6 || total
-------------------------+-------+-------++-------
 Cast: Foxfire           |    65 |       ||    65
Armor: Robe              |    10 |       ||    10
Dodge: Dodged            |    15 |       ||    15

Table legend: (Time is in decaauts)
 A = Elapsed time spent in this place.
 B = Non-inter-level travel time spent in this place.
 C = Inter-level travel time spent in this place.
 D = Time resting spent in this place.
 E = Time spent auto-exploring this place.
 F = Levels seen in this place.
 G = Mean time per level.
                   A        B        C        D        E       F      G
               +--------+--------+--------+--------+--------+-----+--------+
         Total |   1757 |   1725 |     32 |      0 |   1526 |   2 |  878.5 |
       Dungeon |   1757 |   1725 |     32 |      0 |   1526 |   2 |  878.5 |
               +--------+--------+--------+--------+--------+-----+--------+

Top non-repeatable levels by time:
     D:1: 1274 daAuts
     D:2: 482 daAuts
